 Dungeon Crawl Stone Soup version 0.17.0-24-gcfadda4 (console) character file.

25 gw the Charlatan (level 2, 0/24 HPs)
             Began as a Demigod Artificer on Nov 17, 2015.
             Slain by a goblin
             ... wielding a +2 dagger of speed
              (3 damage)
             ... on level 2 of the Dungeon.
             The game lasted 00:00:51 (1059 turns).

gw the Charlatan (Demigod Artificer)                Turns: 1059, Time: 00:00:51

Health: 0/24       AC:  5    Str: 14    XL:     2   Next: 66%
Magic:  6/6        EV: 11    Int: 16    God:
Gold:   54         SH:  0    Dex: 16    Spells: 0 memorised, 1 level left

rFire  . . .     SeeInvis +     b - +0 hand axe (elec)
rCold  . . .     Clarity  .     g - +0 ring mail
rNeg   . . .     SustAt   +     (no shield)
rPois  .         Gourm    .     (no helmet)
rElec  .         Spirit   .     (no cloak)
rCorr  .         Warding  .     (no gloves)
rMut   .         Stasis   .     (no boots)
MR     .....                    (no amulet)
Stlth  +.........               (no ring)
                                p - ring of see invisible

@: not resistant to hostile enchantments, very unstealthy
A: high mp 1, sustain attributes
a: no special abilities


You were on level 2 of the Dungeon.
You were not hungry.

You visited 1 branch of the dungeon, and saw 2 of its levels.

You collected 54 gold pieces.

Inventory:

Hand Weapons
 b - a +0 hand axe of electrocution (weapon)
Missiles
 i - 24 stones (quivered)
Armour
 g - a +0 ring mail (worn)
Jewellery
 p - a ring of see invisible (left hand)
Wands
 c - a wand of flame (15)
 d - a wand of enslavement (14)
 e - a wand of random effects (10)
Scrolls
 h - a scroll of magic mapping {unknown}
Potions
 q - a potion of haste
Comestibles
 f - a bread ration
 l - a slice of pizza


   Skills:
 + Level 1.8 Fighting
   Level 0.8 Short Blades
 * Level 0.5 Axes
 + Level 0.1 Throwing
 + Level 1.2 Armour
 - Level 1.7 Dodging
 - Level 0.8 Stealth
 - Level 2.6 Evocations


You had one spell level left.
You didn't know any spells.

Dungeon Overview and Level Annotations

Branches:
Dungeon (2/15)


Innate Abilities, Weirdness & Mutations

You have an increased reservoir of magic (+10% MP).
Your attributes are resistant to harm.


Message History

The goblin is heavily wounded.
Attempting RANGED ATTACK TO (0,3) Throwing (i - inventory):
i - 26 stones (quivered)
Press: ? - help, Shift-Dir - straight line, f/p - goblin
Aim: a goblin, wielding a dagger of speed (heavily wounded)
You throw a stone. The stone closely misses the goblin.
Attempting RANGED ATTACK TO (0,2) Throwing (i - inventory):
i - 25 stones (quivered)
Press: ? - help, Shift-Dir - straight line, f/p - goblin
Aim: a goblin, wielding a dagger of speed (heavily wounded)
You throw a stone. The stone barely misses the goblin.
ATTACKING (0,1)
You closely miss the goblin.
The goblin is heavily wounded.
The goblin hits you but does no damage. The goblin misses you.
ATTACKING (0,1)
You closely miss the goblin.
The goblin is heavily wounded.
The goblin hits you with a dagger of speed.
You die...

...........#
##..#######.# ###
#..##### #.# ..
#..#...###.# ##.##
#.......##.##
..###...###............
.....#...........#####
#..###...####.#....#
#......p%..........#
#..####g###.#.##...#
#.# #?#.##....... #(#
#.#.##.#.###.# .(.
#.#.##.#.# ((.
.......#.# ####
#.###..#.# ..# ..#


You could see a goblin.

Table legend:
 A = Turns spent in this place as a percentage of turns spent in the entire game.
 B = Non-inter-level travel turns spent in this place as a percentage of non-inter-level travel turns spent in the entire game.
 C = Inter-level travel turns spent in this place as a percentage of turns spent in this place.
 D = Turns resting spent in this place as a percentage of non-inter-level travel turns spent in this place.
 E = Turns spent auto-exploring this place as a percentage of non-inter-level travel turns spent in this place.
 F = Non-inter-level travel turns spent in this place divided by the number of levels of this place that you've seen.
                   A       B       C       D       E      F
               +-------+-------+-------+-------+-------+----------------------
         Total | 100.0 | 100.0 |   0.2 |   1.0 |   3.3 | 630.0
       Dungeon | 100.0 | 100.0 |   0.2 |   1.0 |   3.3 | 630.0
               +-------+-------+-------+-------+-------+----------------------

Table legend:
 A = Kills in this place as a percentage of kills in entire the game.
 B = Kills by you in this place as a percentage of kills by you in the entire game.
 C = Kills by friends in this place as a percentage of kills by friends in the entire game.
 D = Other kills in this place as a percentage of other kills in the entire game.
 E = Experience gained in this place as a percentage of experience gained in the entire game.
 F = Experience gained in this place divided by the number of levels of this place that you have seen.
                   A       B       C       D       E      F
               +-------+-------+-------+-------+-------+----------------------
         Total | 100.0 | 100.0 |  -nan |  -nan | 100.0 |  18.5
       Dungeon | 100.0 | 100.0 |  -nan |  -nan | 100.0 |  18.5
               +-------+-------+-------+-------+-------+----------------------

Vanquished Creatures
  An adder (D:2)
  2 giant geckos (D:1)
  2 goblins
  A hobgoblin (D:1)
  4 kobolds
  2 bats
  3 rats (D:1)
15 creatures vanquished.

Notes
Turn   | Place    | Note
--------------------------------------------------------------
     0 | D:1      | gw the Demigod Artificer began the quest for the Orb.
     0 | D:1      | Reached XP level 1. HP: 15/15 MP: 5/5
    37 | D:1      | Reached skill level 1 in Fighting
   411 | D:1      | Reached XP level 2. HP: 15/23 MP: 6/6
   608 | D:1      | Reached skill level 1 in Armour
  1059 | D:2      | Slain by a goblin

Action                   || total
-------------------------++-------
Melee: Short sword       ||    37
       Hand axe          ||     9
Throw: Stone             ||     6
       Tomahawk          ||    11
Evoke: Wand              ||     6
  Use: Potion            ||     4
       Scroll            ||     3
  Eat: Chunk             ||     1

Vault maps used:
D:1:      shiori_arrival_oz, hangedman_abyss_or_decor_lesser_grid
D:2:      gammafunk_temple_overflow_wave
